 Dungeon Crawl Stone Soup version bcrawl-1.18.1 (webtiles) character file.

Game seed: 1406247540138353025

135 Freyura the Skirmisher (level 5, 0/33 HPs)
             Began as a Gargoyle Fighter on Nov 11, 2019.
             Was an Initiate of Zin.
             Killed by divine providence
             ... invoked by an orc priest
              (10 damage)
             ... on level 3 of the Dungeon.
             The game lasted 00:05:53 (2174 turns).

Freyura the Skirmisher (Gargoyle Fighter)           Turns: 2174, Time: 00:05:53

Health: 0/33       AC: 11    Str: 19    XL:     5   Next: 18%
Magic:  5/5        EV:  7    Int:  9    God:    Zin [......]
Gold:   58         SH:  9    Dex: 10    Spells: 4/4 levels left

rFire    . . .     SeeInvis .   a - +0 flail
rCold    . . .     Gourm    .   c - +0 shield
rNeg     + . .     Faith    .   b - +0 scale mail
rPois    ∞         Spirit   .   (no helmet)
rElec    +         Reflect  .   n - scarf {repulsion}
rCorr    .         Harm     .   (no gloves)
MR       .....                  (no boots)
Stlth    ..........             (no amulet)
HPRegen  0.11/turn              (no ring)
MPRegen  0.09/turn              (no ring)

@: repel missiles
A: negative energy resistance 1, electricity resistance, unbreathing,
petrification resistance, rot immunity, AC +4
a: Donate Gold, Renounce Religion


You were on level 3 of the Dungeon.
You worshipped Zin.
Zin was noncommittal.
You were not hungry.

You visited 1 branch of the dungeon, and saw 3 of its levels.

You collected 64 gold pieces.
You donated 6 gold pieces to Zin.

Inventory:

Hand Weapons
 a - a +0 flail (weapon)
Armour
 b - a +0 scale mail (worn)
 c - a +0 shield (worn)
 n - a scarf of repulsion (worn)
Scrolls
 g - a scroll of fear
 h - a scroll of identify
 i - a scroll of remove curse
Potions
 d - a potion of might
 e - a potion of agility
 l - a potion of ambrosia
 m - a potion of curing {unknown}
Comestibles
 f - 5 rations {!d}


   Skills:
 + Level 4.0 Fighting
 * Level 3.6 Maces & Flails
 + Level 4.0 Armour
 + Level 4.0 Shields
 + Level 0.0 Invocations


You had 4 spell levels left.
You didn't know any spells.
Your spell library was empty.

Dungeon Overview and Level Annotations

Branches:
Dungeon (3/12)

Altars:
Gozag
Lugonu
Zin


Innate Abilities, Weirdness & Mutations

You are resistant to torment.
Your stone body is resilient. (AC +4)
You are immune to poison.
You resist negative energy. (rN+)
You are resistant to electric shocks. (rElec)
You can survive without breathing.
You are immune to petrification.
You are immune to rotting.


Message History

You block the quokka's attack.
You hit the orc.
The orc is severely wounded.
The quokka barely misses you.
The orc wizard casts a cantrip, but nothing happens.
The orc barely misses you. The quokka bites you.
* * * LOW HITPOINT WARNING * * *
You hit the orc.
You kill the orc!
The orc wizard gestures wildly while chanting.
The orc wizard flickers and vanishes!
Deactivating autopickup; reactivate with Ctrl-A.
You block the quokka's attack.
You hit the orc wizard.
The orc wizard is moderately wounded.
The quokka bites you but does no damage.
The orc wizard hits you but does no damage.
The orc priest calls down the wrath of Beogh upon you.
Beogh smites you!
You die...

#
####o####
#...{oo@#
#.#####r#
#.# #..
#.## #.#
..# ###


You could see an orc priest, an orc wizard, an orc and a quokka.

Vanquished Creatures
  4 gnolls (D:2)
  2 oozes (D:1)
  5 worms
  4 dart slugs
  An orc (D:3)
  A giant cockroach (D:2)
  3 goblins
  6 hobgoblins
  12 jackals (D:2)
  7 kobolds
  2 quokkas (D:2)
  2 ball pythons (D:2)
  7 bats
  3 frilled lizards
  3 rats
62 creatures vanquished.

Notes
Turn   | Place    | Note
-------+----------+-------------------------------------------
     0 | D:1      | Freyura the Gargoyle Fighter began the quest for the Orb.
     0 | D:1      | Reached XP level 1. HP: 14/14 MP: 1/1
   122 | D:1      | Reached XP level 2. HP: 19/19 MP: 2/2
   548 | D:1      | Reached XP level 3. HP: 14/23 MP: 3/3
  1103 | D:2      | Found a corrupted altar of Lugonu.
  1217 | D:2      | Reached XP level 4. HP: 29/29 MP: 4/4
  1560 | D:2      | Reached XP level 5. HP: 32/33 MP: 5/5
  1959 | D:2      | Found an opulent altar of Gozag.
  1970 | D:2      | Found a glowing silver altar of Zin.
  1979 | D:2      | Became a worshipper of Zin the Law-Giver
  2174 | D:3      | Killed from afar by an orc priest

Skill      XL: |  1  2  3  4  5 |
---------------+----------------+-----
Maces & Flails | 3 |  3.6
Fighting       | 4 |  4.0
Shields        | 4 |  4.0
Armour         | 4 |  4.0

Action                   |  1- 3 |  4- 6 || total
-------------------------+-------+-------++-------
Melee: Flail             |   115 |    91 ||   206
  Use: Scroll            |       |     6 ||     6
  Eat: Chunk             |     1 |     3 ||     4
Armor: Scale mail        |    49 |    42 ||    91
Dodge: Dodged            |    35 |    31 ||    66
Block: Shield            |    57 |    38 ||    95
